 Dungeon Crawl Stone Soup version 0.30-a0-339-g89bb51ec76 (webtiles) character file.

Game seed: 7626759257841360904

283 hadoken the Shooter (level 6, 0/53 HPs)
             Began as an Armataur Hunter on Oct 31, 2022.
             Was an Initiate of Yredelemnul.
             Slain by a water moccasin (4 damage)
             ... on level 4 of the Dungeon.
             The game lasted 00:07:50 (3117 turns).

hadoken the Shooter (Armataur Hunter)               Turns: 3117, Time: 00:07:51

Health: 0/53       AC:  9    Str: 15    XL:     6   Next: 7%
Magic:  4/6        EV:  8    Int: 14    God:    Yredelemnul [......]
Gold:   196        SH:  0    Dex: 14    Spells: 5/5 levels left

rFire   . . .      SeeInvis .    a - +0 shortbow
rCold   . . .      Faith    .    (shield currently unavailable)
rNeg    . . .      Spirit   .    d - +1 ring mail {rPois}
rPois   +          Reflect  .    n - +1 hat
rElec   .          Harm     .    (no cloak)
rCorr   .          Roll     +    s - +0 pair of gloves
Will    .....      Rage     3%   (no barding)
Stlth   +.........               (no amulet)
HPRegen 0.28/turn                (no ring)
MPRegen 0.10/turn                (no ring)

@: mighty, brilliant, lethally poisoned (0 -> -3)
A: large, rugged brown scales 3, deformed body, armoured tail, roll, long
tongue, awkward tongue, hooves 1, stinger 1, berserk 1, clever 1, poison
resistance, evolution 1, subdued magic 1, noise suppression
a: Renounce Religion, Recall Undead Harvest


You were on level 4 of the Dungeon.
You worshipped Yredelemnul.
Yredelemnul was noncommittal.
You visited 2 branches of the dungeon, and saw 6 of its levels.

You collected 196 gold pieces.

Inventory:

Hand Weapons
 a - a +0 shortbow (weapon)
 q - a +3 club
Missiles
 v - a throwing net
Armour
 c - a +0 leather armour
 d - a +1 ring mail of poison resistance (worn)
 l - an orb of light
 n - a +1 hat (worn)
 s - a +0 pair of gloves (worn)
Wands
 e - a wand of polymorph (4)
 w - a wand of iceblast (5)
Scrolls
 b - a scroll of immolation
 f - 2 scrolls of teleportation
 i - a scroll of poison {unknown}
 o - a scroll of torment {unknown}
 r - a scroll of acquirement {unknown}
 t - a scroll of vulnerability {unknown}
 u - 3 scrolls of fog {unknown}
 x - a scroll of identify
 y - a scroll of blinking {unknown}
Potions
 g - a potion of attraction
 h - a potion of cancellation
 j - a potion of degeneration
 k - a potion of might


   Skills:
 + Level 2.6 Fighting
 + Level 5.0 Ranged Weapons
 + Level 2.3 Armour
 - Level 1.4 Dodging
 + Level 1.1 Stealth


You had 5 spell levels left.
You didn't know any spells.
Your spell library contained the following spells:

 Spells                   Type           Power      Damage    Failure   Level
 Sandblast                Erth           0%         2d4       45%         1
 Shock                    Conj/Air       0%         1d3       45%         1
 Passwall                 Tmut/Erth      0%         N/A       58%         2
 Kindle Blastsparks       Fire/Tloc/Air  0%         2d10      83%         3
 Stone Arrow              Conj/Erth      0%         3d7       83%         3
 Swiftness                Air            0%         N/A       83%         3
 Airstrike                Air            0%         2d(0-16)  99%         4
 Anguish                  Hex/Necr       0%         N/A       99%         4
 Fulminant Prism          Conj/Hex       0%         3d5       99%         4
 Iskenderun's Mystic Bla  Conj/Tloc      0%         2d3       99%         4
 Lee's Rapid Deconstruct  Erth           0%         3d4*      100%        5
 Enfeeble                 Hex            0%         N/A       100%        7


Dungeon Overview and Level Annotations

Branches:
Dungeon (5/15)             Temple (1/1) D:4

Altars:
Dithmenos
Okawaru
Sif Muna
Yredelemnul
The Shining One

Shops:
D:1 *   D:4 (


Innate Abilities, Weirdness & Mutations

You are completely covered in rugged brown scales. (AC +3, +7% HP)
Armour fits poorly on your strangely shaped body.
You have a long armoured tail.
You roll when moving toward enemies. (Rampage)
Your long tongue fully drains potion bottles. (2x potion effects)
Your tongue gives you trouble enunciating. (1.5x scroll delay)
You have large cloven feet.
Your tail ends in a venomous barb.
You sometimes lose your temper in combat.
Your mind is acute. (Int +4, Str/Dex -1)
Your system is resistant to poisons. (rPois)
You have hidden genetic potential.
Your spells are a little easier to cast, but a little less powerful.
You passively dampen the noise of your surroundings.


Message History

You shoot an arrow.
The arrow hits the water moccasin but does no damage.
The water moccasin is heavily wounded.
You feel extremely sick. The water moccasin bites you. x2
You shoot an arrow. The arrow hits the water moccasin.
The water moccasin is heavily wounded.
You feel extremely sick. The water moccasin bites you.
The water moccasin bites you but does no damage.
Nothing appears to have answered your call.
You feel very sick. The water moccasin bites you.
* * * LOW HITPOINT WARNING * * *
You shoot an arrow.
The arrow closely misses the water moccasin.
* * * LOW HITPOINT WARNING * * *
You feel very sick. The water moccasin barely misses you.
The water moccasin closely misses you.
You shoot an arrow.
The arrow closely misses the water moccasin.
You feel very sick.
The water moccasin bites you but does no damage.
The water moccasin bites you.
* * * LOW HITPOINT WARNING * * *
You shoot an arrow.
The arrow hits the water moccasin but does no damage.
The water moccasin is heavily wounded.
* * * LOW HITPOINT WARNING * * *
You feel sick.
The water moccasin bites you but does no damage. x2
You shoot an arrow. The arrow misses the water moccasin.
You feel sick.
The water moccasin bites you but does no damage. x2
Unknown command.
You slurp down every last drop of the fuming inky potion!
It was a potion of brilliance.
You feel clever all of a sudden.
You feel sick. The water moccasin bites you.
You die...
Your body rises from the dead as a mindless zombie.

#....#.....##.#.......##
##......................
##...........##..###...
##...........#..## ##..
##........##.....#####..
#.........#....Z....#...
##..............Z...##..
##.............#...###.
##.....@........#...#...
##.....S........#........
##..............##..##..<#
#...............#...##...#
##..........#.[...........
##........#..#.........###.
#.........##.##......### #.
#.....#......##......#.####
#......#..#..#...........##


You could see a water moccasin.

Vanquished Creatures
  A hound (D:4)
  A jelly (D:4)
  An orc wizard (D:4)
  Ijyb (D:3)
  Terence (D:3)
  5 adders
  3 worms
  5 dart slugs
  4 orcs
  4 bats
  13 endoplasms
  2 giant cockroaches
  8 hobgoblins
  2 jackals (D:4)
  5 kobolds
  3 quokkas
  7 ball pythons
  6 frilled lizards
  5 goblins
  A jackal zombie (D:4)
  11 rats
89 creatures vanquished.

Vanquished Creatures (others)
  A worm zombie (D:4)
  An endoplasm zombie (D:4)
  An orc zombie (D:4)
3 creatures vanquished.

Grand Total: 92 creatures vanquished

Notes
Turn   | Place    | Note
-------+----------+-------------------------------------------
     0 | D:1      | hadoken the Armataur Hunter began the quest for the Orb.
     0 | D:1      | Reached XP level 1. HP: 18/18 MP: 1/1
    13 | D:1      | Reached skill level 3 in Ranged Weapons
    76 | D:1      | Reached XP level 2. HP: 25/25 MP: 2/2
   101 | D:1      | Found Farahawe's Assorted Antiques.
   757 | D:1      | Reached XP level 3. HP: 31/31 MP: 3/3
  1315 | D:2      | Reached XP level 4. HP: 38/38 MP: 4/4
  1413 | D:2      | Reached skill level 4 in Ranged Weapons
  1603 | D:3      | Noticed Terence
  1605 | D:3      | Reached skill level 1 in Armour
  1614 | D:3      | Gained mutation: You sometimes lose your temper in combat.
                  | [potion of mutation]
  1614 | D:3      | Gained mutation: Your tail ends in a venomous barb. [potion
                  | of mutation]
  1614 | D:3      | Gained mutation: Your spells are a little easier to cast,
                  | but a little less powerful. [potion of mutation]
  1614 | D:3      | Gained mutation: You have large cloven feet. [potion of
                  | mutation]
  1614 | D:3      | Gained mutation: Your mind is acute. (Int +4, Str/Dex -1)
                  | [potion of mutation]
  1614 | D:3      | Gained mutation: You have hidden genetic potential. [potion
                  | of mutation]
  1614 | D:3      | Gained mutation: Your system is resistant to poisons.
                  | (rPois) [potion of mutation]
  1625 | D:3      | Killed Terence
  1722 | D:3      | Noticed Ijyb
  1752 | D:3      | Killed Ijyb
  1753 | D:3      | Reached XP level 5. HP: 23/44 MP: 5/5
  1877 | D:3      | Found a faded altar of an unknown god.
  2005 | D:3      | Gained mutation: You passively dampen the noise of your
                  | surroundings. [hidden potential]
  2089 | D:3      | Found a glowing golden altar of the Shining One.
  2366 | D:4      | Found Tuwk's Antique Weapon Shoppe.
  2424 | D:4      | Found a staircase to the Ecumenical Temple.
  2452 | Temple   | Entered the Ecumenical Temple
  2475 | Temple   | Became a worshipper of Yredelemnul the Dark
  2584 | D:4      | Found a shadowy altar of Dithmenos.
  2620 | D:4      | Identified the +5 quarterstaff "Ushuet" {vamp, *Slow
                  | Will++}
  2694 | D:4      | Reached XP level 6. HP: 41/53 MP: 6/6
  2896 | D:4      | Reached skill level 5 in Ranged Weapons
  3084 | D:5      | Entered Level 5 of the Dungeon
  3084 | D:5      | Noticed a water moccasin
  3117 | D:4      | Slain by a water moccasin

Illustrated notes

Levels and vault maps discovered:
D:1:      mushboom_english_gardens, layout_basic, serial_shops,
          nicolae_shop_waterfront
D:2:      layout_loops_cross
D:3:      minmay_diamond_boxcup, layout_rooms, mainiacjoe_overflow_boulevard,
          nicolae_ecumenical_oubliette, uniq_terence, uniq_ijyb
D:4:      layout_cave_pools, nicolae_dithmenos_through_a_glass_darkly,
          minmay_temple_entry_slanted, serial_shops,
          nicolae_shop_advertising_works [nicolae_subvault_shop_adworks],
          minmay_stone_trees_small
D:5:      kennysheep_slugbush, layout_loops_corners, vehumet_altar_wand_db,
          serial_shops, nicolae_shop_stone, nicolae_wooded_promenade,
          amethyst_killhole
Temple:   dpeg_chambers_temple

Skill      XL: |  1  2  3  4  5  6 |
---------------+-------------------+-----
Ranged Weapons | 3 4 5 |  5.0
Fighting       | 2 |  2.6
Armour         | 1 2 |  2.3
Dodging        | |  1.4
Stealth        | |  1.1

Action                   |  1- 3 |  4- 6 || total
-------------------------+-------+-------++-------
Melee: Unarmed           |       |    16 ||    16
       Shortbow          |       |     2 ||     2
 Fire: Shortbow          |   120 |   206 ||   326
Invok: Recall Undead Har |       |     1 ||     1
  Use: Scroll            |     1 |     3 ||     4
       Potion            |     2 |     8 ||    10
Armor: Leather armour    |    18 |    14 ||    32
       Skin              |       |     2 ||     2
       Ring mail         |       |   107 ||   107
Dodge: Dodged            |    17 |   109 ||   126

Table legend: (Time is in decaauts)
 A = Elapsed time spent in this place.
 B = Non-inter-level travel time spent in this place.
 C = Inter-level travel time spent in this place.
 D = Time resting spent in this place.
 E = Time spent auto-exploring this place.
 F = Levels seen in this place.
 G = Mean time per level.
                   A        B        C        D        E       F      G
               +--------+--------+--------+--------+--------+-----+--------+
         Total |   3235 |   3127 |    108 |    141 |   2241 |   6 |  539.2 |
       Dungeon |   3197 |   3102 |     95 |    141 |   2224 |   5 |  639.4 |
        Temple |     38 |     25 |     13 |      0 |     17 |   1 |   38.0 |
               +--------+--------+--------+--------+--------+-----+--------+

Top non-repeatable levels by time:
     D:4: 851 daAuts
     D:1: 829 daAuts
     D:2: 764 daAuts
     D:3: 747 daAuts
  Temple: 38 daAuts
     D:5: 4 daAuts
